 Dungeon Crawl Stone Soup version 0.22-a0-374-g5dfd9e3 (webtiles) character file.

9820 Falco the Blocker (level 11, -4/142 HPs)
             Began as a Minotaur Berserker on Apr 26, 2018.
             Was an Elder of Trog.
             Hit by a javelin thrown by Urug (22 damage)
             ... on level 2 of the Lair of Beasts on Apr 27, 2018.
             The game lasted 01:19:01 (11941 turns).

Falco the Blocker (Minotaur Berserker)             Turns: 11941, Time: 01:19:02

Health: -4/142     AC:  9    Str: 24    XL:     11   Next: 28%
Magic:  10/10      EV: 14    Int:  4    God:    Trog [****..]
Gold:   214        SH:  0    Dex: 13    Spells: 10/10 levels left

rFire    + . .     SeeInvis .   a - +5 short sword "Feps" {pierce, rElec rPois rC++ Str-3}
rCold    + + .     Gourm    .   (no shield)
rNeg     + . .     Faith    .   n - +1 scale mail {rF+}
rPois    +         Spirit   .   (helmet restricted)
rElec    +         Reflect  .   (no cloak)
rCorr    .         Harm     .   T - +1 pair of gloves
MR       .....                  (no boots)
Stlth    ..........             (no amulet)
HPRegen  0.33/turn              h - ring of positive energy
MPRegen  0.12/turn              (no ring)

@: berserking, very quick
A: retaliatory headbutt, horns 2
a: Berserk, Trog's Hand, Brothers in Arms, Renounce Religion


You were on level 2 of the Lair of Beasts.
You worshipped Trog.
Trog was greatly pleased with you.
You were very hungry.

You visited 2 branches of the dungeon, and saw 10 of its levels.
You also visited: Labyrinth.

You collected 514 gold pieces.
You spent 300 gold pieces at shops.

Inventory:

Hand Weapons
 a - the +5 short sword "Feps" (weapon) {pierce, rElec rPois rC++ Str-3}
   (You found it on level 6 of the Dungeon)

   It inflicts extra damage upon your enemies.
   It affects your strength (-3).
   It greatly protects you from cold.
   It insulates you from electricity.
   It protects you from poison.
 b - a +1 shortbow of velocity
 i - a +2 mace of crushing
 j - a +2 flail of holy wrath
 q - a +2 vampiric hand axe
 s - a +0 hunting sling
 t - a +0 spear
 v - a +3 whip
 E - a +2 dagger of draining
 L - a +3 long sword of freezing
 N - a +0 blowgun
 U - a +0 arbalest
Missiles
 e - 115 stones (quivered)
 g - 125 arrows
 l - 111 bolts
 m - 41 poisoned needles
 z - 2 needles of sleeping
 B - 58 sling bullets
 C - 5 needles of confusion
 G - 24 javelins
 O - 2 steel javelins
Armour
 f - a +2 large shield
 n - a +1 scale mail of fire resistance (worn)
 w - a +2 robe of magic resistance
 T - a +1 pair of gloves (worn)
 W - a +0 plate armour
Magical Staves
 S - an uncursed staff of poison
Jewellery
 h - a ring of positive energy (left hand)
 J - a cursed ring of teleportation
 Y - an uncursed amulet of regeneration {unknown}
Wands
 r - a wand of iceblast (6)
 H - a wand of paralysis (33)
 M - a wand of disintegration (14)
 Q - a wand of enslavement (14)
 X - a wand of polymorph (15)
 Z - a wand of acid (3)
Scrolls
 d - 6 scrolls of teleportation
 o - a scroll of enchant weapon {unknown}
 u - 7 scrolls of remove curse
 y - 5 scrolls of fear
 P - a scroll of blinking {unknown}
Potions
 k - a potion of brilliance {unknown}
 p - 3 potions of invisibility
 x - a potion of heal wounds
 A - a potion of ambrosia
 D - 3 potions of curing
 F - a potion of lignification {unknown}
 K - a potion of magic {unknown}
 R - a potion of haste {unknown}
Miscellaneous
 I - a fan of gales
 V - a fan of gales
Comestibles
 c - 4 rations


   Skills:
 + Level 8.9 Fighting
 + Level 8.7 Short Blades
 + Level 6.1 Maces & Flails
 + Level 5.8 Polearms
 + Level 0.4(1.4) Slings
 + Level 1.9(2.0) Throwing
 + Level 3.0 Armour
 + Level 8.4 Dodging
 + Level 3.7 Stealth
 + Level 10.7 Shields


You had 10 spell levels left.
You didn't know any spells.

Dungeon Overview and Level Annotations

Branches:
Dungeon (8/15)             Temple (0/1) D:5            Lair (1/6) D:8
  Snake (0/4) Lair:2

Altars:
Ashenzari
Dithmenos
Makhleb
Okawaru
Qazlal
Ru
Trog
Uskayaw
Vehumet
The Shining One

Shops:
D:4 ?   D:5 }   D:6 ?

Annotations:
Lair:2 Urug


Innate Abilities, Weirdness & Mutations

You reflexively headbutt those who attack you in melee.
You have a pair of horns on your head.


Message History

You closely miss the guardian serpent.
The guardian serpent is moderately wounded.
You puncture the guardian serpent!
Your headbutt misses the guardian serpent.
The guardian serpent is severely wounded.
The guardian serpent hits you!
* * * LOW HITPOINT WARNING * * *
The porcupine bites you.
* * * LOW HITPOINT WARNING * * *
Urug hits you with an enchanted eveningstar!
* * * LOW HITPOINT WARNING * * *
You are too berserk!
You are too berserk!
You are too berserk!
The guardian serpent hits you.
* * * LOW HITPOINT WARNING * * *
Found a ring mail.
You feel a strong urge to attack something.
Urug throws a javelin.
The javelin hits you!!
You die...

#............
##.........?$..#
#.>.%......(...#
P#.............#
...............#.
..P..............
..P.......!......
.#....@.........
.......S..o.....#
..#....r.(....)##
##.!.#.####..#
[........ ##
....>....#
...........
..........##
..#...#..#


You could see Urug, a guardian serpent and a porcupine.

Vanquished Creatures
  A minotaur (Lab)
  Erica (D:8)
  A two-headed ogre (D:8)
  A spiny frog (Lair:1)
  2 komodo dragons (Lair:1)
  2 ice devils (Lair:1)
  A queen bee (D:8)
  2 redbacks (Lab)
  A wyvern (Lair:1)
  Menkaure (D:5)
  4 hungry ghosts (Lab)
  A basilisk (Lair:1)
  5 porcupines
  An orc warrior (D:6)
  2 ice beasts
  3 black bears (D:8)
  A sky beast (D:7)
  2 phantoms
  A centaur (D:8)
  4 ogres
  6 wolves (Lair:1)
  2 crocodiles
  7 bullfrogs
  4 scorpions
  15 killer bees (D:8)
  4 wights (D:7)
  2 howler monkeys (D:7)
  3 crimson imps (D:8)
  A bullfrog zombie (D:5)
  A jelly (D:7)
  3 bullfrog skeletons
  5 hounds
  6 orc priests
  An iron imp (D:8)
  Terence (D:3)
  4 worker ants
  An iguana (D:3)
  5 orc wizards
  A hound zombie (D:5)
  A howler monkey skeleton (D:5)
  2 worker ant zombies
  3 gnolls (D:2)
  6 adders
  2 shadow imps
  2 oozes
  An adder skeleton (D:7)
  An adder zombie (D:5)
  2 worms
  4 dart slugs
  8 leopard geckos
  26 orcs
  7 giant cockroaches
  4 goblins
  5 hobgoblins
  14 jackals
  7 kobolds
  A quokka (D:3)
  10 bats
  4 frilled lizards
  A goblin skeleton (D:8)
  2 jackal skeletons
  A kobold zombie (D:8)
  An orc zombie (D:8)
  A quokka skeleton (D:6)
  4 rats
229 creatures vanquished.

Vanquished Creatures (collateral kills)
  A hobgoblin zombie (D:8)
  2 kobold skeletons (D:8)
  A kobold zombie (D:8)
  An orc skeleton (D:8)
5 creatures vanquished.

Vanquished Creatures (others)
  18 fungi (D:8)
  A plant (D:8)
19 creatures vanquished.

Grand Total: 253 creatures vanquished

Notes
Turn   | Place    | Note
-------+----------+-------------------------------------------
     0 | D:1      | Falco the Minotaur Berserker began the quest for the Orb.
     0 | D:1      | Reached XP level 1. HP: 19/19 MP: 0/0
   166 | D:1      | Reached XP level 2. HP: 3/27 MP: 1/1
   993 | D:2      | Reached XP level 3. HP: 29/33 MP: 2/2
  1296 | D:2      | Reached skill level 1 in Shields
  1296 | D:2      | Reached XP level 4. HP: 19/41 MP: 3/3
  1904 | D:3      | Noticed Terence
  1911 | D:3      | Killed Terence
  1911 | D:3      | Reached skill level 5 in Polearms
  2006 | D:3      | HP: 2/41 [poisoned by a kobold]
  2302 | D:3      | Reached XP level 5. HP: 24/47 MP: 4/4
  2481 | D:3      | Found a bloodstained altar of Trog.
  2639 | D:3      | Reached skill level 1 in Maces & Flails
  2654 | D:3      | Reached ** piety under Trog
  2780 | D:3      | Reached skill level 2 in Shields
  3089 | D:3      | Reached skill level 1 in Stealth
  3131 | D:4      | Reached XP level 6. HP: 13/55 MP: 5/5
  3742 | D:4      | Reached skill level 5 in Fighting
  3742 | D:4      | Reached skill level 3 in Shields
  3989 | D:4      | Reached XP level 7. HP: 45/61 MP: 6/6
  4442 | D:4      | Found a hide-covered altar of Uskayaw.
  4473 | D:4      | Found Ygoabof's Magic Scroll Emporium.
  4478 | D:4      | Bought a scroll of fear for 35 gold pieces
  4478 | D:4      | Bought a scroll of teleportation for 30 gold pieces
  4478 | D:4      | Bought a scroll of teleportation for 30 gold pieces
  4478 | D:4      | Bought a scroll of remove curse for 30 gold pieces
  4478 | D:4      | Bought a scroll of identify for 20 gold pieces
  4478 | D:4      | Bought a scroll of identify for 20 gold pieces
  4478 | D:4      | Bought a scroll of noise for 10 gold pieces
  4478 | D:4      | Bought a scroll of fear for 35 gold pieces
  4694 | D:5      | Entered Level 5 of the Dungeon
  4742 | D:5      | Found a staircase to the Ecumenical Temple.
  4772 | D:5      | Noticed Menkaure
  4787 | D:5      | Killed Menkaure
  4787 | D:5      | Reached skill level 1 in Throwing
  4787 | D:5      | Reached skill level 4 in Shields
  5064 | D:5      | Reached skill level 5 in Maces & Flails
  5205 | D:5      | Found Gaonnoaj's Gadget Boutique.
  5217 | D:5      | Reached XP level 8. HP: 48/69 MP: 7/7
  5683 | D:6      | Found a burning altar of Makhleb.
  5733 | D:6      | Found a radiant altar of Vehumet.
  5757 | D:6      | Got an ebony short sword
  5799 | D:6      | Found Lapnupue's Magic Scroll Boutique.
  5806 | D:6      | Bought a scroll of identify for 30 gold pieces
  5806 | D:6      | Bought a scroll of identify for 30 gold pieces
  5806 | D:6      | Bought a scroll of identify for 30 gold pieces
  5808 | D:6      | Identified the +5 short sword "Feps" {pierce, rElec rPois rC++ Str-3} (You found it on level 6 of the Dungeon)
  5927 | D:6      | Reached *** piety under Trog
  5927 | D:6      | Reached skill level 1 in Short Blades
  5927 | D:6      | Reached skill level 5 in Shields
  6310 | D:6      | Found an iron altar of Okawaru.
  6391 | D:7      | Reached skill level 5 in Dodging
  6488 | D:7      | Found a shattered altar of Ashenzari.
  6946 | D:7      | Reached skill level 6 in Shields
  6946 | D:7      | Reached XP level 9. HP: 70/77 MP: 8/8
  7253 | D:7      | Found a shadowy altar of Dithmenos.
  7253 | D:7      | Found a sacrificial altar of Ru.
  7363 | D:7      | Found an iron altar of Okawaru.
  7643 | D:8      | Reached **** piety under Trog
  7913 | D:8      | Found a staircase to the Lair.
  7919 | D:8      | Reached skill level 7 in Shields
  7960 | D:8      | Reached skill level 5 in Short Blades
  8285 | D:8      | Found a stormy altar of Qazlal.
  8588 | D:8      | Noticed Erica
  8609 | D:8      | Killed Erica
  8609 | D:8      | Reached skill level 8 in Shields
  8609 | D:8      | Reached XP level 10. HP: 64/86 MP: 9/9
  9003 | D:8      | Noticed a two-headed ogre
  9026 | D:8      | Killed a two-headed ogre
  9026 | D:8      | Reached skill level 9 in Shields
  9412 | D:8      | Found a glowing golden altar of the Shining One.
  9496 | D:8      | Found a bloodstained altar of Trog.
  9610 | Lair:1   | Entered Level 1 of the Lair of Beasts
  9665 | Lair:1   | Found a labyrinth entrance.
  9670 | Lab      | Entered a labyrinth
 10310 | Lab      | Reached skill level 10 in Shields
 11217 | Lab      | Noticed a minotaur
 11239 | Lab      | Killed a minotaur
 11239 | Lab      | Reached XP level 11. HP: 91/95 MP: 10/10
 11933 | Lair:1   | You fall through a shaft!
 11933 | Lair:2   | Noticed Urug
 11934 | Lair:2   | Found a staircase to the Snake Pit.
 11941 | Lair:2   | Hit by a javelin thrown by Urug

Vault maps used:
D:1:      dpeg_arrival_rooms_c
D:3:      nicolae_overflow_hidden_temple, first_ration, uniq_terence
D:4:      kennysheep_little_box, serial_shops, shop
D:5:      minmay_temple_entry_junction, serial_shops, shop, uniq_menkaure
D:6:      nicolae_overflow_crystal_walls, kennysheep_mini_moat,
          lemuel_crystal_altar, serial_shops, nicolae_shop_statue_plus
D:7:      overflow_temple_1_default, gammafunk_temple_overflow_elements,
          basic_altar
D:8:      nicolae_tso_besieged_by_evil, grunt_qazlal_clouds,
          due_lair_maze_entry_diamond, david_nohive_1, trog_ov_bears_minmay,
          uniq_erica
Lair:1:   portal_ice_cave_demonic_guard, lab_entry_generic, minivault_11
Lair:2:   nicolae_swamp_entry_splash_gauntlet, minmay_snake_entry_spellcaster,
          uniq_gastronok, uniq_urug
Lab:      labyrinth_mini_lab, nicolae_lab_very_dead_end, lab_hedge

Skill      XL: |  1  2  3  4  5  6  7  8  9 10 11 |
---------------+----------------------------------+-----
Fighting       | 4 5 6 7 8 |  8.9
Polearms       | 4 5 |  5.8
Shields        | 1 2 3 4 6 8 10 | 10.7
Maces & Flails | 1 3 5 6 |  6.1
Dodging        | 3 4 5 6 7 8 |  8.4
Stealth        | 1 2 3 |  3.7
Throwing       | 1 |  1.9
Short Blades   | 3 6 8 |  8.7
Armour         | 3 |  3.0
Slings         | |  0.4

Action                   |  1- 3 |  4- 6 |  7- 9 | 10-12 || total
-------------------------+-------+-------+-------+-------++-------
Melee: Spear             |    87 |    56 |       |       ||   143
       Headbutt          |     7 |    28 |    66 |    45 ||   146
       Whip              |       |    85 |    24 |       ||   109
       Flail             |       |       |    75 |       ||    75
       Short sword       |       |       |   286 |   222 ||   508
 Fire: Hunting sling     |     4 |       |       |       ||     4
       Blowgun           |       |     7 |     9 |     4 ||    20
       Shortbow          |       |       |       |     7 ||     7
Invok: Berserk           |     1 |       |     5 |     7 ||    13
       Trog's Hand       |       |       |     1 |     5 ||     6
       Brothers in Arms  |       |       |       |     2 ||     2
Evoke: Wand              |       |       |       |     1 ||     1
  Use: Potion            |       |     6 |       |     1 ||     7
       Scroll            |       |     4 |     7 |     9 ||    20
 Stab: Sleeping          |     2 |     4 |     3 |     1 ||    10
  Eat: Ration            |     1 |     2 |     5 |     7 ||    15
       Chunk             |       |       |     2 |       ||     2
Armor: Animal skin       |     8 |       |       |       ||     8
       Robe              |       |    20 |    31 |     5 ||    56
       Scale mail        |       |       |       |    11 ||    11
Dodge: Dodged            |    15 |    30 |    83 |    75 ||   203
Block: Large shield      |    33 |    62 |   262 |   144 ||   501

Table legend:
 A = Spawn XP
 B = Non-spawn XP
 C = Spawn XP percentage of total XP
 D = Spawn monster count
 E = Non-spawn monster count
 F = Spawn count percentage of total count
 G = Total turns spent on level
                    A         B        C        D         E        F      G
               +---------+---------+-------+---------+---------+-------+---------
         Total |       0 |   14029 |   0.0 |       0 |     234 |   0.0 | 11941
               +---------+---------+-------+---------+---------+-------+---------
           D:1 |       0 |      37 |   0.0 |       0 |      22 |   0.0 |   899
           D:2 |       0 |      69 |   0.0 |       0 |      15 |   0.0 |   897
           D:3 |       0 |     227 |   0.0 |       0 |      18 |   0.0 |  1312
           D:4 |       0 |     671 |   0.0 |       0 |      25 |   0.0 |  1586
           D:5 |       0 |     524 |   0.0 |       0 |      17 |   0.0 |   952
           D:6 |       0 |     613 |   0.0 |       0 |      24 |   0.0 |   721
           D:7 |       0 |     965 |   0.0 |       0 |      31 |   0.0 |  1225
           D:8 |       0 |    5394 |   0.0 |       0 |      58 |   0.0 |  2018
        Lair:1 |       0 |    3353 |   0.0 |       0 |      17 |   0.0 |   705
           Lab |       0 |    2176 |   0.0 |       0 |       7 |   0.0 |  1618
               +---------+---------+-------+---------+---------+-------+---------
